 Dungeon Crawl Stone Soup version 0.19.0-23-gf02e663 (webtiles) character file.

86 Nimsei the Slasher (level 4, -6/33 HPs)
             Began as a Demonspawn Gladiator on Nov 19, 2016.
             Killed by divine providence
             ... invoked by an orc priest
              (12 damage)
             ... on level 3 of the Dungeon.
             The game lasted 00:10:07 (1973 turns).

Nimsei the Slasher (Demonspawn Gladiator)           Turns: 1973, Time: 00:10:08

Health: -6/33      AC:  7    Str: 16    XL:     4   Next: 26%
Magic:  4/4        EV: 11    Int:  9    God:
Gold:   62         SH:  0    Dex: 14    Spells: 0 memorised, 3 levels left

rFire  + . .     SeeInvis .     a - +0 long sword
rCold  . . .     Gourm    .     n - +0 scale mail
rNeg   . . .     Faith    .     (no shield)
rPois  .         Spirit   .     l - +0 helmet
rElec  .         Reflect  .     (no cloak)
rCorr  .         Harm     .     (no gloves)
MR     .....                    (no boots)
Stlth  ..........               (no amulet)
                                (no ring)
                                g - ring of protection from fire

@: about to teleport, slowed, very slow
A: hooves 1, powered by pain 1
a: no special abilities


You were on level 3 of the Dungeon.
You were not hungry.

You visited 1 branch of the dungeon, and saw 3 of its levels.

You collected 62 gold pieces.

Inventory:

Hand Weapons
 a - a +0 long sword (weapon)
Missiles
 d - 3 throwing nets (quivered)
Armour
 b - a +0 leather armour
 c - a +0 helmet
 l - a +0 helmet (worn)
 n - a +0 scale mail (worn)
Jewellery
 g - a ring of protection from fire (left hand)
Scrolls
 h - 2 scrolls of teleportation
 i - 2 scrolls of remove curse
 j - a scroll of identify
Potions
 k - a potion of lignification {unknown}
 m - a potion of invisibility {unknown}
 o - 2 potions of magic {unknown}
Comestibles
 f - 3 bread rations


   Skills:
 + Level 2.2 Fighting
 + Level 3.5 Long Blades
 + Level 1.8 Throwing
 + Level 1.6 Armour
 + Level 3.2 Dodging
 + Level 0.2 Stealth


You had 3 spell levels left.
You didn't know any spells.

Dungeon Overview and Level Annotations

Branches:
Dungeon (3/15)

Altars:
Kikubaaqudgha
The Shining One

Annotations:
D:3 SeriousMike's ghost, amateur DgSk


Innate Abilities, Weirdness & Mutations

You have large cloven feet.
You sometimes gain a little power by taking damage.


Message History

The orc wizard hits you but does no damage.
The orc priest hits you but does no damage.
SeriousMike's ghost hits you but does no damage.
You are electrocuted!
Ouch! That really hurt!
You feel better. The orc wizard hits you with a dagger.
SeriousMike's ghost hits you. The orc priest barely misses you.
The orc wizard hits you with a dagger.
* * * LOW HITPOINT WARNING * * *
As you read the scroll of teleportation, it crumbles to dust.
You feel strangely unstable.
The orc wizard points at you and mumbles some strange words.
You feel yourself slow down. SeriousMike's ghost closely misses you.
The orc priest hits you with a hand axe.
* * * LOW HITPOINT WARNING * * *
The orc wizard barely misses you. SeriousMike's ghost closely misses you.
The orc wizard closely misses you.
The orc priest mumbles some strange prayers to Beogh against you.
Beogh smites you!
You die...

#### ... ...
#.########...
#######.... ..#...
#........# #.#.###
#....(...# #......
#......Wo####...#
#>.....@.oo...#†#
####..####g...#.###
....## #.##.....#
#.###
###..####.#.##... #
#...#####......#
#.#####.####....##...#
.............##.#
##... ..####.#####...#
### ..####.### .###


You could see an orc priest, an orc wizard, SeriousMike's ghost, an orc and a
goblin.

Vanquished Creatures
  3 adders
  A worm (D:3)
  A dart slug (D:1)
  2 leopard geckos (D:3)
  2 orcs (D:3)
  9 bats
  3 giant cockroaches
  4 goblins
  7 hobgoblins
  3 jackals (D:1)
  A quokka (D:2)
  A ball python (D:1)
  3 frilled lizards
  4 kobolds
  6 rats
50 creatures vanquished.

Notes
Turn   | Place    | Note
-------+----------+-------------------------------------------
     0 | D:1      | Nimsei the Demonspawn Gladiator began the quest for the Orb.
     0 | D:1      | Reached XP level 1. HP: 16/16 MP: 1/1
    53 | D:1      | Gained mutation: You sometimes gain a little power by taking damage. [demonic ancestry]
    53 | D:1      | Reached XP level 2. HP: 9/22 MP: 2/2
   878 | D:1      | Gained mutation: You have large cloven feet. [demonic ancestry]
   878 | D:1      | Reached XP level 3. HP: 26/27 MP: 3/3
   985 | D:2      | Reached skill level 1 in Armour
   996 | D:2      | Found a glowing golden altar of the Shining One.
  1497 | D:2      | Found an ancient bone altar of Kikubaaqudgha.
  1814 | D:3      | Reached XP level 4. HP: 32/33 MP: 4/4
  1965 | D:3      | Noticed SeriousMike's ghost (amateur DgSk)
  1973 | D:3      | Killed from afar by an orc priest

Skill      XL: |  1  2  3 |
---------------+----------+-----
Dodging        | 3 |  3.2
Long Blades    | 3 |  3.5
Armour         | 1 |  1.6
Fighting       | |  2.2
Throwing       | |  1.8
Stealth        | |  0.2

Action                   |  1- 3 |  4- 6 || total
-------------------------+-------+-------++-------
Melee: Long sword        |   114 |    32 ||   146
       Kick              |    15 |    17 ||    32
Throw: Throwing net      |     1 |       ||     1
  Use: Scroll            |     4 |     1 ||     5
       Potion            |     1 |     4 ||     5
  Eat: Bread ration      |     1 |       ||     1
Armor: Leather armour    |    56 |     5 ||    61
       Scale mail        |       |    14 ||    14
Dodge: Dodged            |   137 |    52 ||   189
       Rpst.: Long sword |    38 |    18 ||    56
